Unix NetHack Version 3.7.0-70 Work-in-progress - last build Jan 20 2023 02:37:49 (416de4da9be3a1557180d233d1398bca634ded6a,branch:master). Game began 2023-01-22 21:53:50, ended 2023-01-22 22:03:20. Kontroller, lawful male human Knight ------- |@%_.)| #:%%..+| #------- ## # # ## # --------# -.{....|# |.<.....# .......| |......| |......| -----.-- Kontroller the Esquire St:16 Dx:9 Co:10 In:9 Wi:14 Ch:17 Lawful S:609 Dlvl:4 $:55 HP:0(31) Pw:41(41) AC:3 Xp:4/101 T:1405 Burdened Deaf Latest messages: You feel something move nearby. You feel something move nearby. You feel something move nearby. You finish your prayer. You feel that Lugh is well-pleased. You feel much better. What do you want to eat? [ghB or ?*] h This carrot is delicious! You can see again. The jackal bites! The jackal bites! The newt bites! The jackal misses! You kill the jackal! The lichen touches you! The jackal bites! The jackal bites! You kill the jackal! The jackal bites! The jackal misses! The newt bites! The jackal bites! You hit the jackal. The jackal bites! The newt misses! The gecko bites! You miss the jackal. The jackal misses! The newt bites! The jackal misses! The newt bites! The gecko misses! You miss the jackal. The jackal bites! The newt bites! You kill the jackal! The gecko bites! You miss the newt. The newt bites! The gecko bites! The newt bites! You miss the newt. The newt bites! You miss the newt. You kill the newt! You kill the lichen! The gecko bites! You die... Do you want your possessions identified? [ynq] (y) y Do you want to see your attributes? [ynq] (y) q Inventory: Coins $ - 55 gold pieces Weapons H - a +0 dart a - a +1 long sword (alternate weapon; not wielded) b - a +1 lance (weapon in hand) Armor d - an uncursed +0 helmet (being worn) f - an uncursed +0 pair of leather gloves (being worn) e - an uncursed +0 small shield (being worn) K - an uncursed +0 leather armor c - an uncursed +1 ring mail (being worn) Comestibles g - an uncursed apple h - 12 uncursed carrots B - an uncursed food ration Scrolls w - an uncursed scroll of enchant armor O - an uncursed scroll of identify A - an uncursed scroll of light N - a blessed scroll of magic mapping D - an uncursed scroll of scare monster Potions F - an uncursed potion of acid P - a blessed potion of confusion E - a cursed potion of gain energy n - an uncursed potion of sleeping Rings M - a cursed ring of hunger I - an uncursed +3 ring of increase damage v - an uncursed ring of teleport control Wands J - a wand of cold (0:7) Tools Q - an uncursed blindfold k - an uncursed lock pick Gems/Stones s - a cursed worthless piece of black glass G - an uncursed worthless piece of orange glass Kontroller the Knight's attributes: Background: You were an Esquire, a level 4 male human Knight. You were lawful, on a mission for Lugh who was opposed by Brigit (neutral) and Manannan Mac Lir (chaotic). You were in the Dungeons of Doom, on level 4. You entered the dungeon 1405 turns ago. It was nighttime. There was a new moon in effect when your adventure ended. You had 101 experience points, 59 more were needed to attain level 5. Your score was 609 before end-of-game adjustments. Basics: You had 0 out of 31 hit points. You had all 41 energy points (spell power). Your armor class was 3. Your wallet contained 55 zorkmids. Autopickup was off. Final Characteristics: Your strength was 16 (limit:18/100). Your dexterity was 9 (limit:18). Your constitution was 10 (limit:18). Your intelligence was 9 (limit:18). Your wisdom was 14 (limit:18). Your charisma was 17 (limit:18). Final Status: You were deaf. You were not hungry. You were burdened; movement was slightly slowed. You were wielding a lance. You had basic skill with lance. Final Attributes: You were devoutly aligned. You could jump. You were warded. You are dead. Miscellaneous: You never encountered a bones level. Total elapsed playing time was 9 minutes and 29 seconds. Major events: Turn 1: Kontroller the lawful male human Knight entered the dungeon 537: entered the Gnomish Mines 781: attained the rank of Esquire (level 3) 1405: killed by a gecko Vanquished creatures: a pony 2 gas spores 3 hobgoblins a green mold a gecko 9 jackals a fox 2 grid bugs a bat 11 lichens a kobold zombie 4 newts 37 creatures vanquished. No species were genocided or became extinct. Voluntary challenges: You read items or engraved 3 times. You never engraved Elbereth. You never genocided any monsters. You never polymorphed an object. You never changed form. You used no wishes. Achievements: You entered the Gnomish Mines. You attained the rank of Esquire. The Dungeons of Doom: levels 1 to 4 Level 1: A fountain. Level 2: A fountain. Stairs down to The Gnomish Mines. Level 3: Level 4: "saddle" <- You were here. An altar, a fountain. Final resting place for you, killed by a gecko. The Gnomish Mines: Level 3: Game over: ---------- / \ / REST \ / IN \ / PEACE \ / \ | Kontroller | | 55 Au | | killed by a | | gecko | | | | | | 2023 | *| * * * | * _________)/\\_//(\/(/\)/\//\/|_)_______ Fare thee well Kontroller the Knight... You died in The Dungeons of Doom on dungeon level 4 with 604 points, and 55 pieces of gold, after 1405 moves. You were level 4 with a maximum of 31 hit points when you died.